 Dungeon Crawl Stone Soup version 0.24.0-1-gfbc8707 (webtiles) character file.

Game seed: 11573802304986157229, levelgen mode: deterministic

28080 Minkie the Slicer (level 13, -3/68 HPs)
             Began as a Vampire Enchanter on Nov 10, 2019.
             Was a High Priest of Sif Muna.
             Slain by a killer bee (5 damage)
             ... on level 2 of the Lair of Beasts.
             The game lasted 01:32:39 (17132 turns).

Minkie the Slicer (Vampire Enchanter)              Turns: 17132, Time: 01:32:41

Health: -3/68      AC: 15    Str:  9      XL:     13   Next: 7%
Magic:  1/29       EV: 16    Int: 18 (21) God:    Sif Muna [*****.]
Gold:   468        SH:  0    Dex: 21      Spells: 16/36 levels left

rFire    . . .     SeeInvis +   O - +3 dagger (venom)
rCold    + + .     Gourm    .   (no shield)
rNeg     + + +     Faith    .   b - +1 robe
rPois    ∞         Spirit   .   Q - +0 helmet
rElec    .         Reflect  .   p - +2 cloak
rCorr    .         Harm     .   k - +1 pair of gloves
MR       ++...                  y - +0 pair of boots
Stlth    ++++++....             (no amulet)
HPRegen  0.00/turn              u - +3 ring of protection
MPRegen  0.21/turn              v - ring "Aqasyukk" {MR+ Dex+5}

@: bloodless, regenerating quickly
A: no food, fangs 3, slimy green scales 1, see invisible, deterioration 1,
strong 1, unbreathing
a: Bat Form, Revivify, Channel Magic, Forget Spell, Divine Exegesis, Renounce
Religion


You were on level 2 of the Lair of Beasts.
You worshipped Sif Muna.
Sif Muna was extremely pleased with you.
You were bloodless.

You visited 3 branches of the dungeon, and saw 15 of its levels.
You also visited: Ice Cave.

You collected 922 gold pieces.
You spent 454 gold pieces at shops.

Inventory:

Hand Weapons
 D - a +2 short sword of venom
 O - a +3 dagger of venom (weapon)
Armour
 a - a +2 shield of cold resistance
 b - a +1 robe (worn)
 k - a +1 pair of gloves (worn)
 p - a +2 cloak (worn)
 y - a +0 pair of boots (worn)
 Q - a +0 helmet (worn)
Magical Staves
 f - an uncursed staff of wizardry {unknown}
Jewellery
 l - an uncursed amulet of guardian spirit {unknown}
 u - a +3 ring of protection (left hand)
 v - the ring "Aqasyukk" (right hand) {MR+ Dex+5}
   (You found it on level 5 of the Dungeon)

   [ring of protection from magic]

   It affects your dexterity (+5).
   It affects your resistance to hostile enchantments.
 z - a cursed ring of protection from magic {unknown}
Wands
 d - a wand of enslavement (6)
 w - a wand of paralysis (9)
 A - a wand of flame (9)
 F - a wand of iceblast (7)
Scrolls
 c - 11 scrolls of identify
 e - a scroll of fog
 g - 11 scrolls of remove curse
 j - a scroll of random uselessness {unknown}
 n - a scroll of magic mapping
 q - 8 scrolls of teleportation
Potions
 h - 4 potions of heal wounds
 i - a potion of haste
 m - 2 potions of magic
 o - 4 potions of resistance
 r - 6 potions of curing
 s - a potion of cancellation {unknown}
 t - a potion of ambrosia
 x - 3 potions of might
 E - 5 potions of flight (quivered)


   Skills:
 - Level 3.1 Fighting
 + Level 13.8 Short Blades
 - Level 5.0 Dodging
 - Level 9.0 Stealth
 + Level 6.7 Shields
 + Level 12.4 Spellcasting
 - Level 9.0 Hexes
 + Level 0.6 Charms
 - Level 2.0 Ice Magic
 + Level 0.6 Air Magic


You had 16 spell levels left.
You knew the following spells:

 Your Spells              Type           Power        Failure   Level  Hunger
a - Corona                Hex            #####..      1%          1    N/A
b - Ensorcelled Hibernat  Hex/Ice        ####..       1%          2    N/A
c - Confuse               Hex            #####...     1%          3    N/A
d - Deflect Missiles      Chrm/Air       ##........   100%        6    N/A
e - Summon Guardian Gole  Hex/Summ       ####....     3%          3    N/A
f - Yara's Violent Unrav  Hex/Tmut       ####......   26%         5    N/A

Your spell library contained the following spells:

 Spells                   Type           Power        Failure   Level  Hunger
 Confusing Touch          Hex            #####.       1%          1    N/A
 Tukima's Dance           Hex            #####...     1%          3    N/A
 Cause Fear               Hex            #####.....   1%          4    N/A
 Dazzling Spray           Conj/Hex       ####..       3%          3    N/A
 Animate Skeleton         Necr           N/A          6%          1    N/A
 Apportation              Tloc           ##....       6%          1    N/A
 Summon Small Mammal      Summ           ##..         6%          1    N/A
 Leda's Liquefaction      Hex/Erth       ####......   10%         4    N/A
 Summon Mana Viper        Hex/Summ       ####....     26%         5    N/A
 Lightning Bolt           Conj/Air       ##........   83%         5    N/A

Dungeon Overview and Level Annotations

Branches:
Dungeon (11/15)            Temple (1/1) D:6            Lair (3/6) D:10
  IceCv (visited)
  Swamp: Lair:2-4    Shoals: Lair:2-4     Snake: Lair:2-4    Spider: Lair:2-4
    Orc: D:9-12

Altars:
Ashenzari
Cheibriados
Dithmenos
Elyvilon
Fedhas
Gozag
Hepliaklqana
Kikubaaqudgha
Makhleb
Nemelex Xobeh
Okawaru
Qazlal
Ru
Sif Muna
Trog
Uskayaw
Vehumet
Wu Jian
Xom
Yredelemnul
Zin
The Shining One

Shops:
D:7 (   D:10 [


Innate Abilities, Weirdness & Mutations

You do not eat.
You do not regenerate when monsters are visible.
You are frail without blood (-20% HP).
You can heal yourself when you bite living creatures.
You are immune to poison.
You have razor-sharp teeth.
You have supernaturally acute eyesight. (SInv)
You can survive without breathing.
You are partially covered in slimy green scales. (AC +2)
Your body sometimes deteriorates upon taking damage.
Your muscles are strong. (Str +2)


Message History

The killer bee stings you but does no damage.
The killer bee stings you. The killer bee stings you.
The killer bee barely misses you. The killer bee closely misses you. x2
The killer bee completely misses you. The killer bee stings you.
* * * LOW HITPOINT WARNING * * *
The killer bee stings you but does no damage.
The killer bee barely misses you. The killer bee barely misses you. x2
The killer bee stings you.
* * * LOW HITPOINT WARNING * * *
The killer bee misses you.
Casting: Ensorcelled Hibernation (safe; 1% risk of failure)
Confirm with . or Enter, or press ? or * to list all spells.
A guardian golem appears, shielding your allies.
The yak bellows!
The killer bee completely misses you. The killer bee stings you!
* * * LOW HITPOINT WARNING * * *
The killer bee closely misses you. The killer bee stings you.
You die...

.##.......## #...#..
..##....#.### ##.....#
..#.#.......#### #P.....#
..#..##......#.#### ###....#.
......#...........# #...l.y.#
#...#.....#.......######
#Y......
#...#####..............#
#$#..#.. #...#
####P.....#P....###.###.#.
##.####P###..#..@y8Y..l.[..##
##
####....#....#...y.....Y....#
##..#..........P...P#.......#
...........##.....###....#.##
.##.....^..##.#..## #...####
###....P...##....# ###.#
##.....%##...#.## #.#
##....####....P# #..
#P...#....#P..# #.##


You could see 2 yaks, a basilisk, 2 killer bees and a friendly guardian golem.

Vanquished Creatures
  A frost giant (IceCv)
  A fire dragon (D:11)
  Harold (D:6)
  5 two-headed ogres
  Pikel (D:5)
  An ugly thing (D:8)
  A black mamba (Lair:1)
  3 spiny frogs (Lair:1)
  2 centaur skeletons (D:11)
  A rime drake (Lair:1)
  A komodo dragon (Lair:1)
  3 blink frogs (Lair:2)
  3 trolls
  12 polar bears (IceCv)
  8 hippogriffs
  A vampire (D:10)
  22 yaks
  A human (D:9)
  Eustachio (D:6)
  A basilisk (Lair:1)
  4 hungry ghosts
  A steam dragon (Lair:2)
  4 hogs (D:9)
  Grum (D:8)
  Edmund (D:5)
  Duvessa (D:7)
  4 water moccasins
  2 sky beasts
  A slave (D:5)
  12 porcupines
  5 orc warriors
  2 eyes of draining
  2 ice beasts
  2 necrophages
  A phantom (D:4)
  A black bear (D:11)
  20 wolves
  3 ogres
  2 centaurs
  5 crocodiles
  11 bullfrogs
  A big kobold (D:11)
  Dowan (D:7)
  A water moccasin zombie (D:11)
  A scorpion (D:11)
  13 killer bees
  2 howler monkeys
  2 wights (D:8)
  8 crimson imps
  A centaur zombie (D:10)
  A quasit (D:8)
  7 hounds
  6 orc priests
  A jelly (D:10)
  19 orc wizards
  Crazy Yiuf (D:2)
  3 bullfrog skeletons
  2 iguanas (D:9)
  7 worker ants
  2 hound skeletons
  2 mummies (D:8)
  A worker ant zombie (D:10)
  A howler monkey zombie (D:10)
  4 gnolls (D:4)
  14 adders
  A shadow imp (D:10)
  An ooze (D:5)
  An adder zombie (D:9)
  An adder skeleton (D:9)
  4 dart slugs
  3 worms
  6 leopard geckos
  56 orcs
  2 ball pythons (D:6)
  16 bats
  5 giant cockroaches
  4 hobgoblins
  15 jackals
  6 quokkas
  5 frilled lizards
  8 goblins
  A jackal skeleton (D:5)
  13 kobolds
  2 quokka skeletons
  7 rats
  A plant (Lair:1)
414 creatures vanquished.

Vanquished Creatures (others)
  A killer bee (Lair:2)
  A giant cockroach (D:5)
  38 fungi (D:10)
  34 plants
74 creatures vanquished.

Grand Total: 488 creatures vanquished

Notes
Turn   | Place    | Note
-------+----------+-------------------------------------------
     0 | D:1      | Minkie the Vampire Enchanter began the quest for the Orb.
     0 | D:1      | Reached XP level 1. HP: 13/13 MP: 3/3
   172 | D:1      | Reached XP level 2. HP: 19/19 MP: 5/5
   176 | D:1      | Learned a level 2 spell: Ensorcelled Hibernation
  1050 | D:2      | Reached XP level 3. HP: 24/24 MP: 6/6
  1125 | D:2      | Reached skill level 5 in Stealth
  1512 | D:2      | Reached skill level 5 in Hexes
  1562 | D:2      | Reached skill level 2 in Short Blades
  1585 | D:3      | Reached XP level 4. HP: 30/30 MP: 7/7
  1593 | D:3      | Learned a level 3 spell: Confuse
  1854 | D:2      | Found a runed translucent door.
  1855 | D:2      | Noticed Crazy Yiuf
  1862 | D:2      | Killed Crazy Yiuf
  2022 | D:2      | Reached skill level 1 in Ice Magic
  2398 | D:3      | Found a shattered altar of Ashenzari.
  2592 | D:3      | Reached XP level 5. HP: 35/35 MP: 9/9
  2604 | D:3      | Found a snail-covered altar of Cheibriados.
  3134 | D:3      | Found a glowing silver altar of Zin.
  3134 | D:3      | Noticed an angel
  3160 | D:3      | Found a shimmering altar of Xom.
  3390 | D:3      | Reached XP level 6. HP: 41/41 MP: 10/10
  3418 | D:3      | Found a stormy altar of Qazlal.
  3550 | D:4      | Found a sparkling altar of Nemelex Xobeh.
  3556 | D:4      | Reached skill level 3 in Short Blades
  3659 | D:5      | Entered Level 5 of the Dungeon
  3766 | D:4      | Found an opulent altar of Gozag.
  4211 | D:4      | Found a bloodstained altar of Trog.
  4211 | D:4      | Found a hazy altar of Hepliaklqana.
  4491 | D:4      | Reached skill level 1 in Fighting
  4671 | D:4      | Reached XP level 7. HP: 47/48 MP: 5/12
  4815 | D:5      | Found an ancient bone altar of Kikubaaqudgha.
  4841 | D:5      | Got a shimmering glass ring
  4842 | D:5      | Identified the ring "Aqasyukk" {MR+ Dex+5} (You found it on
                  | level 5 of the Dungeon)
  4950 | D:5      | Noticed Pikel
  4964 | D:5      | Killed Pikel
  4964 | D:5      | Reached XP level 8. HP: 53/57 MP: 7/14
  5115 | D:5      | Noticed Edmund
  5123 | D:5      | Killed Edmund
  5123 | D:5      | Reached skill level 5 in Dodging
  5564 | D:6      | Found a radiant altar of Vehumet.
  5564 | D:6      | Found an opulent altar of Gozag.
  5576 | D:6      | Noticed Eustachio
  5693 | D:6      | Killed Eustachio
  6029 | D:6      | Reached skill level 4 in Short Blades
  6031 | D:6      | Reached skill level 5 in Spellcasting
  6251 | D:6      | Found a staircase to the Ecumenical Temple.
  6260 | Temple   | Entered the Ecumenical Temple
  6375 | Temple   | Became a worshipper of Sif Muna the Loreminder
  6502 | D:6      | Reached XP level 9. HP: 63/63 MP: 5/16
  6674 | D:6      | Found an iron altar of Okawaru.
  6959 | D:7      | Noticed Dowan
  7035 | D:7      | Reached skill level 5 in Short Blades
  7038 | D:7      | Noticed Duvessa
  7049 | D:7      | Killed Duvessa
  7072 | D:7      | Killed Dowan
  7287 | D:7      | Noticed Harold
  7547 | D:6      | Killed Harold
  7547 | D:6      | Reached skill level 6 in Short Blades
  7812 | D:7      | Found Kyest's Antique Weapon Boutique.
  7924 | D:7      | Reached skill level 7 in Short Blades
  8582 | D:8      | Noticed Grum
  8670 | D:8      | Noticed a green ugly thing
  8673 | D:8      | Killed a green ugly thing
  8805 | D:8      | Found a shadowy altar of Dithmenos.
  8812 | D:8      | Killed Grum
  8812 | D:8      | Reached XP level 10. HP: 70/70 MP: 14/21
  8855 | D:8      | Reached skill level 8 in Short Blades
  8871 | D:8      | Reached * piety under Sif Muna
  9751 | D:9      | Reached skill level 9 in Short Blades
  9804 | D:9      | Noticed a two-headed ogre
  9807 | D:9      | Killed a two-headed ogre
  9879 | D:9      | Reached skill level 10 in Short Blades
 10192 | D:9      | Reached ** piety under Sif Muna
 10295 | D:10     | Entered Level 10 of the Dungeon
 10549 | D:10     | Noticed a two-headed ogre
 10641 | D:10     | Noticed a two-headed ogre
 10825 | D:10     | HP: 2/56 [two-headed ogre/cursed -2 giant spiked club (14)]
 10829 | D:10     | Killed a two-headed ogre
 10829 | D:10     | Reached XP level 11. HP: 13/60 MP: 13/24
 11104 | D:10     | Reached skill level 10 in Spellcasting
 11129 | D:10     | Reached skill level 11 in Short Blades
 11133 | D:10     | Killed a two-headed ogre
 11298 | D:10     | Found a staircase to the Lair.
 11301 | D:10     | Noticed a two-headed ogre
 11329 | D:10     | Killed a two-headed ogre
 11479 | D:10     | Found a shadowy altar of Dithmenos.
 11535 | D:10     | Reached *** piety under Sif Muna
 11956 | D:10     | Found Zapes's Antique Armour Boutique.
 11960 | D:10     | Bought a distressingly furry robe for 153 gold pieces
 11960 | D:10     | Identified the +0 robe of the Sparrow {Str+2} (You bought
                  | it in a shop on level 10 of the Dungeon)
 11974 | D:10     | Bought a glowing robe for 99 gold pieces
 11974 | D:10     | Bought a runed helmet for 202 gold pieces
 12559 | D:10     | Gained mutation: You are partially covered in slimy green
                  | scales. (AC +2) [potion of mutation]
 12559 | D:10     | Gained mutation: Your body sometimes deteriorates upon
                  | taking damage. [potion of mutation]
 12559 | D:10     | Gained mutation: Your muscles are strong. (Str +2) [potion
                  | of mutation]
 12955 | D:11     | Reached skill level 1 in Shields
 13031 | D:11     | Reached skill level 12 in Short Blades
 13041 | D:11     | Noticed a two-headed ogre
 13046 | D:11     | Killed a two-headed ogre
 13077 | D:11     | Noticed a fire dragon
 13080 | D:11     | Killed a fire dragon
 13094 | D:11     | Found a frozen archway.
 13100 | IceCv    | Entered an ice cave
 13237 | IceCv    | Reached XP level 12. HP: 64/64 MP: 5/27
 13799 | IceCv    | Reached **** piety under Sif Muna
 14078 | IceCv    | Noticed a frost giant
 14115 | IceCv    | Killed a frost giant
 14146 | IceCv    | Reached skill level 13 in Short Blades
 14168 | IceCv    | Reached skill level 5 in Shields
 14871 | D:11     | Found a burning altar of Makhleb.
 15088 | Lair:1   | Entered Level 1 of the Lair of Beasts
 15282 | Lair:1   | You fall into a shaft and drop 1 floor!
 15597 | Lair:1   | Reached ***** piety under Sif Muna
 16817 | Lair:2   | Reached XP level 13. HP: 68/68 MP: 26/29
 16830 | Lair:2   | Identified Sif Muna's Reference Book on Gliding Bewitchment
                  | (Sif Muna gifted it to you on level 2 of the Lair of
                  | Beasts)
 16830 | Lair:2   | Received a gift from Sif Muna
 16849 | Lair:2   | Learned a level 6 spell: Deflect Missiles
 16854 | Lair:2   | Learned a level 3 spell: Summon Guardian Golem
 16860 | Lair:2   | Learned a level 5 spell: Yara's Violent Unravelling
 17132 | Lair:2   | HP: 2/68 [killer bee (7)]
 17132 | Lair:2   | Slain by a killer bee

Levels and vault maps discovered:
D:1:      sevenhm_arrival_forest_fort_small_5, layout_basic,
          minmay_misc_feat_cross, serial_bayou_ford_a
D:2:      layout_basic, minmay_misc_feat_iff, minmay_3d_cube,
          uniq_crazy_yiuf_cottage
D:3:      layout_basic, grunt_temple_overflow_order_and_chaos_1,
          nicolae_qazlal_general_emergency, cheibriados_altar_1,
          ashenzari_conservatory_becter
D:4:      layout_basic, nemelex_xobeh_ov_fountains_minmay,
          chequers_temple_overflow_statue_of_worship, minmay_splitting_lines,
          grunt_gozag_statues
D:5:      layout_basic, lemuel_round_altar, first_ration, uniq_edmund,
          uniq_pikel
D:6:      minmay_chambers_of_threes, layout_basic, lemuel_doored_altar,
          gammafunk_temple_overflow_statue, minmay_temple_entry_poolview,
          uniq_eustachio
D:7:      layout_layer_cave, serial_shops, kennysheep_little_box, uniq_duvessa,
          uniq_harold
D:8:      layout_rooms, nicolae_dithmenos_the_darkroom, serial_undead,
          serial_undead_f, serial_undead_b, serial_undead_c, serial_undead_f,
          uniq_grum
D:9:      layout_roguey, grunt_livestock
D:10:     layout_basic, due_lair_maze_entry_diamond, serial_shops,
          nicolae_shop_stone, basic_altar
D:11:     layout_basic, portal_ice_cave_entry_pillars_1, bloody_makhleb
Temple:   compressed_dpeg_triangle_lava_temple
Lair:1:   layout_layer_cave, hibernation_bobbens
Lair:2:   regret_index_harrowing_hell_hive, layout_misc_corridors,
          serial_bayou_shore_b
Lair:3:   layout_small_grid, minmay_swamp_entry_worms,
          minmay_snake_entry_guardpost_medium, basic_altar,
          minmay_lair_oklob_chamber

Skill      XL: |  1  2  3  4  5  6  7  8  9 10 11 12 |
---------------+-------------------------------------+-----
Stealth        | 5 6 7 9 |  9.0
Hexes          | 5 6 7 8 9 |  9.0
Short Blades   | 2 3 4 7 10 12 13 | 13.8
Dodging        | 3 4 5 |  5.0
Ice Magic      | 1 2 |  2.0
Spellcasting   | 3 4 5 7 9 11 12 | 12.4
Fighting       | 1 2 3 |  3.1
Shields        | 3 6 |  6.7
Charms         | |  0.6
Air Magic      | |  0.6

Action                   |  1- 3 |  4- 6 |  7- 9 | 10-12 | 13-15 || total
-------------------------+-------+-------+-------+-------+-------++-------
Melee: Dagger            |   110 |   153 |   200 |   626 |    16 ||  1105
       Bite              |     9 |    16 |    18 |    70 |       ||   113
       Short sword       |       |       |    11 |       |       ||    11
 Cast: Corona            |     4 |       |     1 |       |       ||     5
       Ensorcelled Hiber |    22 |    70 |    68 |   243 |    29 ||   432
       Confuse           |       |     2 |    14 |    32 |       ||    48
       Summon Guardian G |       |       |       |       |     1 ||     1
 Abil: Exsanguinate      |       |       |       |     1 |       ||     1
       End Transformatio |       |       |       |     1 |       ||     1
       Bat Form          |       |       |       |     1 |       ||     1
  Use: Scroll            |       |       |     1 |    16 |       ||    17
       Potion            |       |       |       |    13 |     1 ||    14
 Stab: Sleeping          |    27 |    53 |    53 |   165 |    16 ||   314
       Confused          |       |     2 |     8 |    22 |       ||    32
Armor: Robe              |    17 |    32 |    62 |   201 |    11 ||   323
Dodge: Dodged            |   101 |    98 |   174 |   480 |    29 ||   882
